AoeStats
← Cinnamoroll

African Clearing

506044188Analyzed
4v4 RM · 21d ago on Sep 12, 2026· 29m 46s· 8 players
Game mode
Random Map
Map size
Large (8 player)
Population
200
Speed
Normal
Resources
Standard
Victory
Conquest
Starting age
Dark Age
Ending age
Imperial Age
RankedLock teamsTeams togetherTeam positionsShared explorationLock speedFull tech treeHidden civsTurbo modeCheats
Victory
Defeat
🇻🇳 Georgians · Vietnam
1551
+16
🇨🇦 Turks · Canada
1520
+17
🇻🇳 Huns · Vietnam
1517
+17
🇲🇽 Burmese · Mexico
1467
+20
🇦🇷 Tatars · Argentina
1551
-17
🇲🇽 Vietnamese · Mexico
1549
-18
🇲🇽 Britons · Mexico
1548
-18
🇲🇽 Inca · Mexico
1545
-17
Cinnamoroll
9:06 Loom
12:08 Feudal Age
12:36 Double-Bit Axe
23:13 Castle Age
21:51 Fishing Lines
22:24 Gold Mining
22:36 Horse Collar
23:22 Bloodlines
24:03 Scale Barding Armor
25:52 Chain Barding Armor
26:08 Forging
29:25 Bow Saw
Battle beast
6:49 Loom
11:43 Feudal Age
12:44 Town Watch
17:27 Wheelbarrow
21:06 Castle Age
19:18 Horse Collar
20:13 Stone Mining
timembh
11:39 Loom
13:50 Feudal Age
18:07 Castle Age
16:29 Double-Bit Axe
17:04 Fletching
18:58 Bodkin Arrow
21:05 Bloodlines
22:18 Padded Archer Armor
luanb10
8:56 Loom
11:48 Feudal Age
12:19 Double-Bit Axe
16:03 Fletching
27:46 Castle Age
26:18 Scale Barding Armor
26:43 Bloodlines
Trazo_
13:24 Feudal Age
12:03 Loom
13:50 Feudal Age
18:09 Castle Age
17:42 Double-Bit Axe
29:58 Fletching
Daniel
10:52 Loom
13:05 Feudal Age
25:40 Double-Bit Axe
Mike
5:30 Loom
15:11 Feudal Age
17:57 Fletching
23:30 Castle Age
21:42 Padded Archer Armor
22:33 Double-Bit Axe
23:37 Crossbowman
25:50 Bodkin Arrow
ElSucioDan_
6:45 Loom
14:12 Feudal Age
18:07 Castle Age
16:31 Double-Bit Axe
16:37 Fletching
21:42 Fletching
23:20 Bodkin Arrow
23:25 Padded Archer Armor
25:34 Town Watch
28:19 Wheelbarrow
28:09 Leather Archer Armor
29:06 Ballistics
Connection lost

Rejoining the realm…

Still unreachable

The connection could not be restored.

Session expired

The server has moved on; the page needs a fresh start.